 Dungeon Crawl Stone Soup version 0.25-a0-578-gc91f01c39c (webtiles) character file.

Game seed: 4612654922483870861, levelgen mode: deterministic

9 kae the Sneak (level 2, -1/19 HPs)
             Began as a Vampire Enchanter on Mar 3, 2020.
             Slain by a kobold (2 damage)
             ... on level 1 of the Dungeon.
             The game lasted 00:01:02 (374 turns).

kae the Sneak (Vampire Enchanter)                    Turns: 374, Time: 00:01:02

Health: -1/19      AC:  2    Str:  7    XL:     2   Next: 3%
Magic:  3/5        EV: 12    Int: 17    God:
Gold:   23         SH:  0    Dex: 14    Spells: 4/5 levels left

rFire    . . .     SeeInvis +   a - +1 dagger
rCold    . . .     Gourm    .   (no shield)
rNeg     . . .     Faith    .   b - +0 robe
rPois    .         Spirit   .   (no helmet)
rElec    .         Reflect  .   (no cloak)
rCorr    .         Harm     .   (no gloves)
MR       .....                  (no boots)
Stlth    +++.......             (no amulet)
HPRegen  0.26/turn              (no ring)
MPRegen  0.09/turn              (no ring)

@: regenerating quickly
A: no food, fangs 3, see invisible, unbreathing
a: Exsanguinate


You were on level 1 of the Dungeon.
You were alive.

You visited 1 branch of the dungeon, and saw 1 of its levels.

You collected 23 gold pieces.

Inventory:

Hand Weapons
 a - a +1 dagger (weapon)
Armour
 b - a +0 robe (worn)
Scrolls
 c - a scroll of teleportation {unknown}


   Skills:
 * Level 1.7 Short Blades
 - Level 2.1 Dodging
 + Level 4.6 Stealth
 + Level 2.1 Spellcasting
 + Level 4.6 Hexes


You had 4 spell levels left.
You knew the following spells:

 Your Spells              Type           Power        Failure   Level  Hunger
a - Corona                Hex            ###....      3%          1    N/A

Your spell library contained the following spells:

 Spells                   Type           Power        Failure   Level  Hunger
 Confusing Touch          Hex            ###.....     9%          3    N/A
 Tukima's Dance           Hex            ###.....     9%          3    N/A
 Ensorcelled Hibernation  Hex/Ice        #.....       11%         2    N/A
 Dazzling Flash           Conj/Hex       #.....       22%         3    N/A

Dungeon Overview and Level Annotations

Branches:
Dungeon (1/15)

Altars:


Innate Abilities, Weirdness & Mutations

You do not eat.
Your natural rate of healing is unusually fast.
You have razor-sharp teeth.
You have supernaturally acute eyesight. (SInv)
You can survive without breathing.


Message History

The hobgoblin is severely wounded.
The hobgoblin closely misses you. The bat hits you but does no damage.
You hit the hobgoblin.
You kill the hobgoblin!
You have reached level 2!
The bat hits you but does no damage.
You barely miss the kobold. The bat hits you.
* * * LOW HITPOINT WARNING * * *
The kobold barely misses you.
You hit the kobold but do no damage. The bat completely misses you.
The kobold barely misses you.
You hit the kobold.
The kobold is moderately wounded.
The bat hits you.
* * * LOW HITPOINT WARNING * * *
The kobold completely misses you.
You hit the kobold but do no damage. The bat hits you.
* * * LOW HITPOINT WARNING * * *
The kobold hits you.
You die...

....## #.....##.#.#
......#####..##.#.#
.[.....#.....##....
..............#.#
................#
...............##
...............#
...............###
...............K@#
#...[.........##.....≈≈≈
##.....#.......b(.P≈.≈PP
...$...........≈≈≈≈≈PP≈≈
..≈.≈≈P≈≈..≈≈.≈P≈≈≈≈≈≈≈≈
≈≈≈≈≈≈≈≈≈≈≈≈≈≈≈≈≈≈≈≈≈≈≈≈
≈≈≈≈≈≈≈≈≈≈≈≈≈≈≈≈P≈
≈≈≈P≈≈≈≈≈≈≈≈P≈≈≈.


You could see a bat and a kobold.

Vanquished Creatures
  A dart slug (D:1)
  A bat (D:1)
  2 hobgoblins (D:1)
  A frilled lizard (D:1)
  2 rats (D:1)
7 creatures vanquished.

Notes
Turn   | Place    | Note
-------+----------+-------------------------------------------
     0 | D:1      | kae the Vampire Enchanter began the quest for the Orb.
     0 | D:1      | Reached XP level 1. HP: 13/13 MP: 3/3
   370 | D:1      | Reached XP level 2. HP: 3/19 MP: 3/5
   374 | D:1      | Slain by a kobold

Levels and vault maps discovered:
D:1:      kennysheep_arrival_forest, layout_rooms, chequers_big_river

Action                   || total
-------------------------++-------
Melee: Dagger            ||    37
       Bite              ||     2
 Cast: Corona            ||     1
 Stab: Sleeping          ||     1
Armor: Robe              ||     6
Dodge: Dodged            ||    24

Table legend:
 A = Non-vault XP
 B = Vault XP
 C = Vault XP percentage of total XP
 D = Non-vault monster count
 E = Vault monster count
 F = Vault count percentage of total count
                 A         B        C        D         E       F
            +---------+---------+-------+---------+---------+-------
      Total |      13 |       0 |   0.0 |       7 |       0 |   0.0
            +---------+---------+-------+---------+---------+-------
        D:1 |      13 |       0 |   0.0 |       7 |       0 |   0.0
            +---------+---------+-------+---------+---------+-------
